 Dungeon Crawl Stone Soup version 0.18.1-5-g4a78601 (webtiles) character file.

229 varam the Magician (level 5, -10/46 HPs)
             Began as a Troll Transmuter on May 9, 2016.
             Was a Follower of Cheibriados.
             Shot with an arrow by a centaur (13 damage)
             ... on level 4 of the Dungeon.
             The game lasted 00:07:23 (2613 turns).

varam the Magician (Troll Transmuter)               Turns: 2613, Time: 00:07:24

Health: -10/46     AC:  5    Str: 20    XL:     5   Next: 71%
Magic:  5/8        EV: 10    Int: 12    God:    Cheibriados [*.....]
Gold:   55         SH:  0    Dex: 12    Spells: 3 memorised, 4 levels left

rFire  x . .     SeeInvis .       - Unarmed
rCold  + . .     Gourm    +     b - +0 robe
rNeg   . . .     Faith    .     (no shield)
rPois  .         Spirit   .     (helmet restricted)
rElec  .         Dismiss  .     (no cloak)
rCorr  .         Reflect  .     (gloves unavailable)
SustAt .         Harm     .     (boots unavailable)
MR     .....                    (no amulet)
Stlth  +.........               (no ring)
                                r - ring of ice

@: very slightly contaminated, very slow, not resistant to hostile enchantments,
very unstealthy
A: unfitting armour, claws 3, fast metabolism 3, gourmand, regeneration 2,
shaggy fur 1, tough skin 2
a: Bend Time, Renounce Religion


You were on level 4 of the Dungeon.
You worshipped Cheibriados.
Cheibriados was aware of your devotion.
You were very full.

You visited 1 branch of the dungeon, and saw 4 of its levels.

You collected 55 gold pieces.

Inventory:

Missiles
 a - 60 arrows
Armour
 b - a +0 robe (worn)
Jewellery
 r - a ring of ice (left claw)
Scrolls
 e - 2 scrolls of teleportation {unknown}
 f - 4 scrolls of enchant weapon {unknown}
 n - a scroll of identify {unknown}
 o - a scroll of remove curse {unknown}
Potions
 h - a potion of might {unknown}
 j - a potion of curing {unknown}
 k - 2 potions of berserk rage {unknown}
 l - a potion of agility {unknown}
 p - a potion of mutation {unknown}
 q - a potion of brilliance {unknown}
Books
 c - a book of Changes

   Spells                             Type                      Level
   a - Beastly Appendage              Transmutation                1
   b - Sticks to Snakes               Transmutation                2
   c - Spider Form                    Transmutation/Poison         3
   d - Ice Form                       Ice/Transmutation            4
   e - Blade Hands                    Transmutation                5
Comestibles
 d - 4 bread rations
 g - 3 meat rations
 i - a beef jerky
 m - 6 chunks of flesh


   Skills:
 - Level 0.7 Fighting
 - Level 1.5 Dodging
 + Level 3.0 Unarmed Combat
 * Level 3.1 Spellcasting
 + Level 2.9 Transmutations


You had 4 spell levels left.
You knew the following spells:

 Your Spells              Type           Power        Failure   Level  Hunger
a - Beastly Appendage     Trmt           #.....       10%         1    #......
b - Spider Form           Trmt/Pois      #.........   43%         3    ###....
c - Sticks to Snakes      Trmt           #.......     12%         2    ###....


Dungeon Overview and Level Annotations

Branches:
Dungeon (4/15)
 Temple: D:4-7

Altars:
Cheibriados
Nemelex Xobeh
The Shining One

Annotations:
D:3 CcS's ghost, amateur MiBe


Innate Abilities, Weirdness & Mutations

You are too large for most types of armour.
You have claws for hands.
Your metabolism is lightning-fast.
You like to eat raw meat.
You heal very quickly.
You are covered in fur (AC +1).
You have very tough skin (AC +2).


Message History

Casting: Sticks to Snakes
Confirm with . or Enter, or press ? or * to list all spells.
You miscast Sticks to Snakes.
You are very lightly contaminated with residual magic.
Nothing appears to happen.
The centaur shoots an arrow.
The arrow hits you!
The centaur shoots an arrow.
The arrow hits you!
* * * LOW HITPOINT WARNING * * *
The centaur shoots an arrow.
The arrow closely misses you.
You see here an arrow.
The centaur shoots an arrow.
The arrow hits you.
* * * LOW HITPOINT WARNING * * *
You see here 2 arrows.
The centaur shoots an arrow.
The arrow closely misses you.
You see here an arrow.
Some of the chunks of flesh in your inventory have rotted away.
The centaur shoots an arrow.
The arrow hits you!
* * * LOW HITPOINT WARNING * * *
You see here an arrow.
The centaur shoots an arrow.
The arrow hits you!
You die...

########## #####
#.(c.(.@.#### #....
#(######.##.########.###
#(# #............#.# #(#
##......####.#.### #.#
###...## #...... #(#
##.## ###.### #(# #.#
#.# # #c# #.# #.### #o#
#+# #....


You could see a centaur.

Vanquished Creatures
  Purgy (D:4)
  6 adders
  4 worms
  3 dart slugs
  2 giant geckos (D:3)
  A giant cockroach (D:2)
  11 goblins
  6 hobgoblins
  5 bats
  4 giant newts
  11 kobolds
  4 rats
58 creatures vanquished.

Vanquished Creatures (collateral kills)
  A hound skeleton (D:4)
1 creature vanquished.

Grand Total: 59 creatures vanquished

Notes
Turn   | Place    | Note
--------------------------------------------------------------
     0 | D:1      | varam the Troll Transmuter began the quest for the Orb.
     0 | D:1      | Reached XP level 1. HP: 18/18 MP: 1/1
   318 | D:1      | Reached XP level 2. HP: 26/26 MP: 0/3
  1283 | D:2      | Reached XP level 3. HP: 26/32 MP: 2/4
  1336 | D:2      | Found a snail-covered altar of Cheibriados.
  1338 | D:2      | Found a glowing golden altar of the Shining One.
  1348 | D:2      | Became a worshipper of Cheibriados the Contemplative
  1616 | D:2      | Reached XP level 4. HP: 40/40 MP: 4/6
  1761 | D:2      | Found a sparkling altar of Nemelex Xobeh.
  2180 | D:2      | Reached * piety under Cheibriados
  2408 | D:3      | Noticed CcS's ghost (amateur MiBe)
  2513 | D:4      | Noticed Purgy
  2523 | D:4      | Killed Purgy
  2523 | D:4      | Reached XP level 5. HP: 37/46 MP: 6/8
  2528 | D:4      | Learned a level 3 spell: Spider Form
  2531 | D:4      | Learned a level 2 spell: Sticks to Snakes
  2600 | D:4      | Noticed a centaur
  2611 | D:4      | HP: 2/46 [centaur/arrow (7)]
  2613 | D:4      | Shot with an arrow by a centaur

Skill      XL: |  1  2  3  4 |
---------------+-------------+-----
Spellcasting   | 2 3 |  3.1
Transmutations | 2 |  2.9
Fighting       | |  0.7
Dodging        | |  1.5
Unarmed Combat | |  3.0

Action                   |  1- 3 |  4- 6 || total
-------------------------+-------+-------++-------
Melee: Unarmed           |   105 |    74 ||   179
       Headbutt          |     2 |     5 ||     7
       Kick              |     9 |    12 ||    21
       Punch             |     1 |       ||     1
 Cast: Beastly Appendage |    25 |    21 ||    46
       Sticks to Snakes  |       |     2 ||     2
  Eat: Chunk             |    22 |     9 ||    31
Armor: Robe              |    43 |    39 ||    82
Dodge: Dodged            |    44 |    40 ||    84
